 Dungeon Crawl Stone Soup version 0.31.0-9-g3a7656b989 (webtiles) character file.

Game seed: 9272840388493215367

967 qw the Skirmisher (level 7, 0/32 (35) HPs)
             Began as a Spriggan Hunter on Feb 3, 2024.
             Was an Initiate of Okawaru.
             Slain by Edmund
             ... wielding a +1 flail of draining
              (6 damage)
             ... on level 5 of the Dungeon.
             The game lasted 00:00:19 (3766 turns).

qw the Skirmisher (Spriggan Hunter)                 Turns: 3766, Time: 00:00:19

HP:   0/32 (35)     AC:  2    Str:  7    XL:     7   Next: 93%
MP:   8/8           EV: 23    Int: 10    God:    Okawaru [......]
Gold: 203           SH:  0    Dex: 21    Spells: 6/6 levels left

rFire   + . .        a - +0 shortbow
rCold   + . .        (shield currently unavailable)
rNeg    . . .        c - +0 robe
rPois   .            (helmet restricted)
rElec   .            (no cloak)
rCorr   .            (gloves unavailable)
SInv    +            (boots unavailable)
Will    +....        (no amulet)
Stlth   ++           g - ring of protection from cold
HPRegen 0.25/turn    d - ring of protection from fire
MPRegen 0.11/turn

%: no passive effects
@: drained, very quick
A: very small, no large weapons, unfitting armour, see invisible, speed 3
a: Renounce Religion


You were on level 5 of the Dungeon.
You worshipped Okawaru.
Okawaru was noncommittal.
You visited 1 branch of the dungeon, and saw 5 of its levels.
You also visited: Sewer.

You collected 203 gold pieces.


Innate Abilities, Weirdness & Mutations

You are very small and have problems with some larger weapons.
You are too small for most types of armour.
You have supernaturally acute eyesight. (SInv)
You cover ground extremely quickly. (Speed+++)


   Skills:
 - Level 2.3 Fighting
 - Level 8.0 Ranged Weapons
 + Level 7.7 Dodging
 - Level 1.5 Stealth


You had 6 spell levels left.
You didn't know any spells.
Your spell library was empty.

Inventory:

Hand Weapons
 a - a +0 shortbow (weapon)
Armour
 c - a +0 robe (worn)
Jewellery
 d - a ring of protection from fire (right hand)
 g - a ring of protection from cold (left hand)
Wands
 f - a wand of paralysis (7)
Scrolls
 e - a scroll of enchant armour {unknown}
 l - a scroll of identify
Potions
 b - 2 potions of haste
 h - 2 potions of might
 i - a potion of curing {unknown}
 j - a potion of magic {unknown}
 k - 2 potions of cancellation

Dungeon Overview and Level Annotations

Branches:
Dungeon (5/15)              Sewer (visited)
 Temple: D:4-7

Altars:
Elyvilon
Kikubaaqudgha
Makhleb
Nemelex Xobeh
Okawaru
Ru

Annotations:
D:5 Edmund


Message History

There is an open door here.
Edmund the Younger comes into view.
He is wielding a +1 flail of draining.
Edmund shouts!
You shoot an arrow.
The arrow hits Edmund but does no damage.
You shoot an arrow. The arrow hits Edmund!
Edmund is moderately wounded.
You shoot an arrow.
The arrow hits Edmund but does no damage.
Edmund is moderately wounded.
You shoot an arrow. The arrow hits Edmund!
Edmund is heavily wounded.
Edmund asks, "Have you met my wondrous brother?"
You shoot an arrow. The arrow barely misses Edmund.
You shoot an arrow. The arrow hits Edmund.
Edmund is severely wounded.
Edmund hits you with a +1 flail of draining.
You feel drained.
You shoot an arrow.
The arrow hits Edmund but does no damage.
Edmund is severely wounded.
Edmund closely misses you.
You shoot an arrow. The arrow hits Edmund.
Edmund is severely wounded.
Edmund completely misses you.
You shoot an arrow.
The arrow hits Edmund but does no damage.
Edmund is severely wounded.
Edmund hits you with a +1 flail of draining!
You feel drained.
You shoot an arrow.
The arrow hits Edmund but does no damage.
Edmund is severely wounded.
Edmund hits you with a +1 flail of draining!
You feel drained.
You shoot an arrow. The arrow hits Edmund.
Edmund is almost dead.
Edmund hits you with a +1 flail of draining.
You die...
Edmund says, "That'll show my brother!"

#......#.+ #........
##....... .......#
#......# #......# ..
#..@...# ....
..#####@######.... ##
#................. .###
#..#######......# ...##
#..#}....#......#
##..#####..#8....'......#
##....##..#}...?#......#
####..#..##+#+##......#
###.#%.# #......#
#..>...# #......#


You could see Edmund.

Vanquished Creatures
  Sigmund (D:2)
  A steam dragon (D:4)
  An ogre (D:4)
  2 kobold brigands (Sewer)
  A scorpion (D:4)
  A hound (D:5)
  An orc priest (D:4)
  4 iguanas
  4 orc wizards
  An adder (D:3)
  2 ufetubi
  A dart slug (D:4)
  2 ribbon worms
  7 orcs
  8 endoplasms
  9 giant cockroaches
  9 goblins
  10 hobgoblins
  4 jackals
  A quokka (D:2)
  11 ball pythons
  6 bats
  2 frilled lizards (D:2)
  18 kobolds
  6 rats
113 creatures vanquished.

Vanquished Creatures (others)
  An orc (D:4)
1 creature vanquished.

Grand Total: 114 creatures vanquished

Notes
Turn   | Place    | Note
-------+----------+-------------------------------------------
     0 | D:1      | qw the Spriggan Hunter began the quest for the Orb.
     0 | D:1      | Reached XP level 1. HP: 10/10 MP: 2/2
     0 | D:1      | 0 ||| qw: Version: 0.3-a-155-g5e7d8dd
     0 | D:1      | 0 ||| qw: Game counter: 2900
     0 | D:1      | 0 ||| qw: Melee chars always use a shield: true
     0 | D:1      | 0 ||| qw: God list: Okawaru
     0 | D:1      | 0 ||| qw: Allow faded altars: false
     0 | D:1      | 0 ||| qw: Do Orc after clearing Dungeon:15 true
     0 | D:1      | 0 ||| qw: Do second Lair branch before Depths: true
     0 | D:1      | 0 ||| qw: Lair rune preference: random
     0 | D:1      | 0 ||| qw: Goals: Normal
     0 | D:1      | 0 ||| PLANNING D:1-11
   165 | D:1      | Reached skill level 3 in Dodging
   339 | D:1      | Reached XP level 2. HP: 14/14 MP: 3/3
   716 | D:1      | 716 ||| READING scroll labelled DOUDAYLOMUS.
   817 | D:1      | 817 ||| DRINKING 2 inky potions.
   818 | D:1      | 818 ||| DRINKING 2 gluggy clear potions.
   819 | D:1      | 819 ||| DROPPING scroll of butterflies.
   820 | D:1      | 820 ||| DROPPING potion of attraction.
   929 | D:2      | Reached XP level 3. HP: 18/18 MP: 4/4
  1032 | D:2      | Noticed Sigmund
  1033 | D:2      | 1033 ||| ZAPPING wand of paralysis (9) at -2,5 (Sigmund;
                  | floor).
  1034 | D:2      | 1034 ||| ZAPPING wand of paralysis (8) at -2,5 (Sigmund;
                  | floor).
  1039 | D:2      | Killed Sigmund
  1040 | D:2      | Reached skill level 6 in Ranged Weapons
  1040 | D:2      | Reached XP level 4. HP: 22/22 MP: 5/5
  1040 | D:2      | Reached XP level 5. HP: 25/25 MP: 6/6
  1333 | D:2      | Found a white marble altar of Elyvilon.
  1494 | D:2      | 1494 ||| UPGRADING to ring of protection from cold.
  1495 | D:2      | 1495 ||| READING scroll labelled FONNAI WUAHUTT.
  1496 | D:2      | 1496 ||| READING scroll labelled YHORAN WANNIU.
  1500 | D:2      | 1500 ||| READING scroll labelled MOCSUSITAG.
  1544 | D:2      | 1544 ||| READING scroll labelled NAALUMNONEA.
  1545 | D:2      | 1545 ||| READING scroll labelled HAVENU VUOPN.
  1564 | D:3      | 1564 ||| PLANNING SEWER
  1680 | D:3      | Found a glowing drain.
  1681 | D:3      | 1681 ||| DRINKING 2 coppery potions.
  1682 | D:3      | 1682 ||| DRINKING 2 viscous sapphire potions.
  1693 | Sewer    | Entered a sewer
  1720 | Sewer    | HP: 6/25 [kobold/+0 dagger (2)]
  1721 | Sewer    | Reached XP level 6. HP: 8/31 MP: 7/7
  1724 | Sewer    | HP: 2/31 [kobold/+0 dagger (4)]
  1725 | Sewer    | 1725 ||| DRINKING potion of heal wounds.
  1899 | Sewer    | Reached skill level 6 in Dodging
  1971 | Sewer    | 1971 ||| READING scroll labelled VEOPPY MOXKUETZ.
  1972 | Sewer    | 1972 ||| READING scroll labelled ZIYG HO ANKECS.
  1972 | Sewer    | 1972 ||| IDENTIFYING lumpy red potion
  1973 | Sewer    | 1973 ||| DRINKING 3 dark potions.
  1974 | Sewer    | 1974 ||| DROPPING potion of invisibility.
  1989 | D:3      | 1989 ||| PLANNING D:1-11
  2084 | D:3      | HP: 2/31 [iguana (12)]
  2263 | D:3      | Found a faded altar of an unknown god.
  2538 | D:3      | 2538 ||| READING scroll of identify.
  2538 | D:3      | 2538 ||| IDENTIFYING sedimented yellow potion
  2539 | D:3      | 2539 ||| DROPPING potion of lignification.
  2703 | D:4      | Noticed a steam dragon
  2711 | D:4      | 2711 ||| DRINKING 4 potions of haste.
  2716 | D:4      | 2716 ||| Stepping ~*~*~tactically~*~*~ (cloud).
  2765 | D:4      | Reached skill level 7 in Ranged Weapons
  2765 | D:4      | Reached XP level 7. HP: 35/35 MP: 8/8
  2849 | D:4      | Found an ancient bone altar of Kikubaaqudgha.
  2855 | D:4      | Found a sparkling altar of Nemelex Xobeh.
  2858 | D:4      | Found a burning altar of Makhleb.
  2860 | D:4      | Found an iron altar of Okawaru.
  2861 | D:4      | 2861 ||| PLANNING OKAWARU WORSHIP
  2861 | D:4      | 2861 ||| UPGRADING to ring of protection from fire.
  2862 | D:4      | 2862 ||| READING scroll of identify.
  2862 | D:4      | 2862 ||| IDENTIFYING murky cyan potion
  2863 | D:4      | 2863 ||| DRINKING 2 metallic cyan potions.
  2864 | D:4      | 2864 ||| FLEEEEING.
  2865 | D:4      | 2865 ||| FLEEEEING.
  2866 | D:4      | 2866 ||| FLEEEEING.
  2867 | D:4      | 2867 ||| FLEEEEING.
  2868 | D:4      | 2868 ||| FLEEEEING.
  2869 | D:4      | 2869 ||| FLEEEEING.
  2870 | D:4      | 2870 ||| FLEEEEING.
  2871 | D:4      | 2871 ||| FLEEEEING.
  2872 | D:4      | 2872 ||| FLEEEEING.
  2873 | D:4      | 2873 ||| FLEEEEING.
  2874 | D:4      | 2874 ||| FLEEEEING.
  2875 | D:4      | 2875 ||| FLEEEEING.
  2876 | D:4      | 2876 ||| FLEEEEING.
  2877 | D:4      | 2877 ||| FLEEEEING.
  2878 | D:4      | 2878 ||| FLEEEEING.
  2879 | D:4      | 2879 ||| FLEEEEING.
  2880 | D:4      | 2880 ||| FLEEEEING.
  2881 | D:4      | 2881 ||| FLEEEEING.
  2882 | D:4      | 2882 ||| FLEEEEING.
  2883 | D:4      | 2883 ||| FLEEEEING.
  2884 | D:4      | 2884 ||| FLEEEEING.
  2885 | D:4      | 2885 ||| FLEEEEING.
  2886 | D:4      | 2886 ||| FLEEEEING.
  2887 | D:4      | 2887 ||| FLEEEEING.
  2888 | D:4      | 2888 ||| FLEEEEING.
  2889 | D:4      | 2889 ||| FLEEEEING.
  2890 | D:4      | 2890 ||| FLEEEEING.
  2891 | D:4      | 2891 ||| FLEEEEING.
  2892 | D:4      | 2892 ||| FLEEEEING.
  2893 | D:4      | 2893 ||| FLEEEEING.
  2894 | D:4      | 2894 ||| FLEEEEING.
  2895 | D:4      | 2895 ||| FLEEEEING.
  2896 | D:4      | 2896 ||| FLEEEEING.
  2897 | D:4      | 2897 ||| STAIRDANCE
  2899 | D:3      | 2899 ||| FLEEEEING.
  2900 | D:3      | 2900 ||| FLEEEEING.
  2901 | D:3      | 2901 ||| FLEEEEING.
  2902 | D:3      | 2902 ||| FLEEEEING.
  2903 | D:3      | 2903 ||| FLEEEEING.
  2904 | D:3      | 2904 ||| FLEEEEING.
  2905 | D:3      | 2905 ||| FLEEEEING.
  2906 | D:3      | 2906 ||| FLEEEEING.
  2907 | D:3      | 2907 ||| FLEEEEING.
  2908 | D:3      | 2908 ||| FLEEEEING.
  2909 | D:3      | 2909 ||| FLEEEEING.
  2910 | D:3      | 2910 ||| FLEEEEING.
  2911 | D:3      | 2911 ||| FLEEEEING.
  2912 | D:3      | 2912 ||| STAIRDANCE
  2914 | D:2      | 2914 ||| FLEEEEING.
  2915 | D:2      | 2915 ||| FLEEEEING.
  2916 | D:2      | 2916 ||| FLEEEEING.
  2917 | D:2      | 2917 ||| FLEEEEING.
  2918 | D:2      | 2918 ||| FLEEEEING.
  2919 | D:2      | 2919 ||| FLEEEEING.
  2920 | D:2      | 2920 ||| FLEEEEING.
  2921 | D:2      | 2921 ||| FLEEEEING.
  2922 | D:2      | 2922 ||| FLEEEEING.
  2923 | D:2      | 2923 ||| FLEEEEING.
  2924 | D:2      | 2924 ||| FLEEEEING.
  2925 | D:2      | 2925 ||| DROPPING potion of brilliance.
  2926 | D:2      | 2926 ||| DROPPING potion of berserk rage.
  2989 | D:4      | Became a worshipper of Warmaster Okawaru
  2990 | D:4      | 2990 ||| PLANNING D:1-11
  3038 | D:4      | 3038 ||| DRINKING 3 potions of haste.
  3059 | D:4      | HP: 6/35 [steam dragon (4)]
  3066 | D:4      | HP: 3/35 [steam dragon (1)]
  3068 | D:4      | HP: 1/35 [steam dragon (2)]
  3070 | D:4      | Killed a steam dragon
  3343 | D:4      | Found a sacrificial altar of Ru.
  3408 | D:4      | 3408 ||| READING scroll labelled UZERCH RYLI.
  3538 | D:5      | Entered Level 5 of the Dungeon
  3541 | D:5      | 3541 ||| STAIRDANCE
  3726 | D:5      | Reached skill level 8 in Ranged Weapons
  3755 | D:5      | Noticed Edmund
  3765 | D:5      | HP: 8/33 [Edmund/+1 flail of draining (11)]
  3766 | D:5      | Slain by Edmund

Levels and vault maps discovered:
D:1:      kilobyte_arrival_exit_the_forest, layout_loops_cross,
          minmay_misc_feat_encased
D:2:      layout_loops_ring, basic_altar, grunt_decor_mini_mirrors,
          kennysheep_generic_room_3, uniq_sigmund
D:3:      layout_rooms, shapermc_ecumenical_altar_flowoftime,
          cheibrodos_sewer_entry_drain, grunt_ministairs_13, kennysheep_nub,
          nrook_mini_backslash, item_on_display_a
D:4:      layout_basic, nicolae_ru_path_of_blood, minitemple, minivault_25,
          mrwooster_statue_mirror
D:5:      dreamdust_elfheim, layout_basic, nicolae_overflow_crystal_walls,
          serial_shops, shop, pf_guarded_unrand_meek, uniq_edmund, uniq_grinder,
          uniq_ijyb

Skill      XL: |  1  2  3  4  5  6  7 |
---------------+----------------------+-----
Dodging        | 3 4 5 6 7 |  7.7
Ranged Weapons | 6 7 8 |  8.0
Fighting       | 2 |  2.3
Stealth        | |  1.5

Action                     |  1- 3 |  4- 6 |  7- 9 || total
---------------------------+-------+-------+-------++-------
   Fire: Shortbow          |    76 |   185 |   115 ||   376
  Evoke: Wand              |     2 |       |       ||     2
    Use: Potion            |     2 |     5 |     2 ||     9
         Scroll            |     1 |     8 |     2 ||    11
 Armour: Robe              |     5 |    26 |    27 ||    58
  Dodge: Dodged            |    20 |    72 |    59 ||   151

Table legend:
 A = Non-vault XP
 B = Vault XP
 C = Vault XP percentage of total XP
 D = Non-vault monster count
 E = Vault monster count
 F = Vault count percentage of total count
                 A         B        C        D         E       F
            +---------+---------+-------+---------+---------+-------
      Total |     925 |     457 |  33.1 |      85 |      28 |  24.8
            +---------+---------+-------+---------+---------+-------
        D:1 |      27 |       0 |   0.0 |      16 |       0 |   0.0
        D:2 |      49 |     223 |  82.0 |      27 |       1 |   3.6
        D:3 |     113 |       7 |   5.8 |      16 |       4 |  20.0
        D:4 |     572 |       0 |   0.0 |      19 |       0 |   0.0
        D:5 |     164 |       0 |   0.0 |       7 |       0 |   0.0
      Sewer |       0 |     227 | 100.0 |       0 |      23 | 100.0
            +---------+---------+-------+---------+---------+-------
